 Dungeon Crawl Stone Soup version 0.30.1-4-g462c640d31 (webtiles) character file.

Game seed: 14114522553612873958

83 ANON1729 the Trooper (level 4, 0/40 HPs)
             Began as a Minotaur Monk on Aug 10, 2023.
             Slain by an orc
             ... wielding a +0 trident
              (1 damage)
             ... on level 4 of the Dungeon.
             The game lasted 00:00:54 (1694 turns).

ANON1729 the Trooper (Minotaur Monk)                Turns: 1694, Time: 00:00:55

Health: 0/40       AC:  2    Str: 15    XL:     4   Next: 22%
Magic:  4/4        EV: 13    Int:  7    God:
Gold:   122        SH:  0    Dex: 15    Spells: 3/3 levels left

rFire   . . .        a - +0 short sword
rCold   . . .        d - orb {light}
rNeg    . . .        b - +0 robe
rPois   .            (helmet restricted)
rElec   .            (no cloak)
rCorr   .            (no gloves)
SInv    .            (no boots)
Will    .....        (no amulet)
Stlth   +            (no ring)
HPRegen 0.26/turn    (no ring)
MPRegen 0.09/turn

%: no passive effects
@: confused, ambrosia-drunk, glowing
A: horns 2, retaliatory headbutt
a: no special abilities


You were on level 4 of the Dungeon.
You visited 2 branches of the dungeon, and saw 4 of its levels.

You collected 122 gold pieces.

Inventory:

Hand Weapons
 a - a +0 short sword (weapon)
Armour
 b - a +0 robe (worn)
 d - an orb of light (worn)
Scrolls
 e - 2 scrolls of poison {unknown}
 f - a scroll of brand weapon {unknown}
 g - 3 scrolls of identify {unknown}
 j - a scroll of vulnerability {unknown}
 k - a scroll of fear {unknown}
Potions
 h - a potion of curing {unknown}
 i - a potion of flight {unknown}


   Skills:
 + Level 4.2 Fighting
 + Level 3.8 Short Blades
 + Level 1.9 Armour
 + Level 3.8 Dodging
 + Level 1.4 Invocations


You had 3 spell levels left.
You didn't know any spells.
Your spell library was empty.

Dungeon Overview and Level Annotations

Branches:
Dungeon (4/15)             Temple (1/1) D:4

Altars:
Ashenzari
Cheibriados
Dithmenos
Elyvilon
Fedhas
Gozag
Kikubaaqudgha
Nemelex Xobeh
Okawaru
Qazlal
Ru
Vehumet
Xom
Yredelemnul
Zin
The Shining One


Innate Abilities, Weirdness & Mutations

You have a pair of horns on your head.
You reflexively headbutt those who attack you in melee.


Message History

The orc priest is moderately wounded.
The orc closely misses you.
The orc hits you from afar with a +0 trident.
The orc priest hits you with a +0 mace.
You are too injured to fight recklessly!
You are too injured to fight recklessly!
You barely miss the orc priest. You headbutt the orc priest!
The orc priest is almost dead.
You barely miss the orc priest. You headbutt the orc priest.
You kill the orc priest!
The orc closely misses you. The orc hits you but does no damage.
You have reached level 4!
You feel agile.
You hit the orc but do no damage. The orc hits you with a +0 hand axe.
* * * LOW HITPOINT WARNING * * *
The orc hits you from afar with a +0 trident.
* * * LOW HITPOINT WARNING * * *
You hit the kobold.
The kobold is severely wounded.
The orc hits you with a +0 hand axe.
* * * LOW HITPOINT WARNING * * *
The orc misses you. The kobold barely misses you. You furiously retaliate!
You headbutt the kobold.
You kill the kobold!
You are confused.
You feel invigorated. The orc hits you with a +0 hand axe.
* * * LOW HITPOINT WARNING * * *
The orc hits you from afar with a +0 trident.
* * * LOW HITPOINT WARNING * * *
The orc hits you with a +0 hand axe.
* * * LOW HITPOINT WARNING * * *
The orc misses you.
You closely miss the orc. The orc hits you with a +0 hand axe.
* * * LOW HITPOINT WARNING * * *
The orc hits you from afar with a +0 trident.
* * * LOW HITPOINT WARNING * * *
You bump into the rock wall.
The orc hits you with a +0 hand axe.
* * * LOW HITPOINT WARNING * * *
The orc hits you from afar with a +0 trident.
You die...

.######## .....<..#
......... ........##
.........#
.........#
........@#
......oo.##
..........#
..###.....#
##...#..####
#........#.##
.............##
...............####
. #
###....###......#.##


You could see 2 orcs.

Vanquished Creatures
  An orc priest (D:4)
  An ufetubus (D:4)
  A dart slug (D:1)
  2 orcs (D:4)
  4 endoplasms
  3 giant cockroaches
  A goblin (D:2)
  A hobgoblin (D:1)
  6 jackals
  A quokka (D:2)
  4 ball pythons
  3 bats
  A frilled lizard (D:2)
  10 kobolds
  2 rats (D:2)
41 creatures vanquished.

Notes
Turn   | Place    | Note
-------+----------+-------------------------------------------
     0 | D:1      | ANON1729 the Minotaur Monk began the quest for the Orb.
     0 | D:1      | Reached XP level 1. HP: 19/19 MP: 0/0
   455 | D:1      | Reached XP level 2. HP: 17/27 MP: 1/1
   725 | D:1      | Reached skill level 1 in Armour
  1281 | D:2      | Reached skill level 1 in Invocations
  1284 | D:2      | Reached skill level 4 in Fighting
  1284 | D:2      | Reached XP level 3. HP: 30/33 MP: 2/2
  1472 | D:2      | You fall into a shaft and drop 2 floors!
  1481 | D:4      | Found a staircase to the Ecumenical Temple.
  1499 | Temple   | Entered the Ecumenical Temple
  1688 | D:4      | Reached XP level 4. HP: 14/40 MP: 2/4
  1690 | D:4      | HP: 1/40 [orc/+0 trident (2)]
  1694 | D:4      | Slain by an orc

Illustrated notes

Levels and vault maps discovered:
D:1:      kennysheep_arrival_forest, layout_basic, serial_bayou_ford_a,
          minmay_pentomino_v2
D:2:      layout_basic
D:4:      layout_cave_pools, trog_butcher_becter, minmay_temple_entry_glass,
          minmay_vboxes
Temple:   lightli_temple_of_artemis

Skill      XL: |  1  2 |
---------------+-------+-----
Armour         | 1 |  1.9
Invocations    | 1 |  1.4
Fighting       | 4 |  4.2
Short Blades   | |  3.8
Dodging        | |  3.8

Action                     |  1- 3 |  4- 6 || total
---------------------------+-------+-------++-------
  Melee: Short sword       |    87 |     3 ||    90
         Headbutt          |    23 |       ||    23
    Use: Potion            |       |     1 ||     1
 Armour: Robe              |     9 |       ||     9
  Dodge: Dodged            |    53 |     3 ||    56
